 Dungeon Crawl Stone Soup version 0.17.0-28-g6e173f8 (webtiles) character file.

163 M4edhros the Sneak (level 5, -1/36 HPs)
             Began as an Octopode Wanderer on Nov 25, 2015.
             Slain by a killer bee (9 damage)
             ... on level 4 of the Dungeon.
             The game lasted 00:01:25 (1346 turns).

M4edhros the Sneak (Octopode Wanderer)              Turns: 1346, Time: 00:01:25

Health: -1/36      AC:  1    Str: 13    XL:     5   Next: 44%
Magic:  5/5        EV: 11    Int: 12    God:
Gold:   101        SH:  0    Dex: 13    Spells: 0 memorised, 4 levels left

rFire  . . .     SeeInvis .     a - +3 spear
rCold  . . .     Clarity  .     (no shield)
rNeg   . . .     SustAt   .     (helmet restricted)
rPois  .         Gourm    .     (no amulet)
rElec  .         Spirit   .     (no ring)
rCorr  .         Warding  .     (no ring)
rMut   .         Stasis   .     (no ring)
MR     .....                    (no ring)
Stlth  +++++.....               (no ring)
                                (no ring)
                                (no ring)
                                (no ring)

@: lethally poisoned (-1 -> -8), not resistant to hostile enchantments, quite
stealthy
A: almost no armour, amphibious, 8 rings, constrict 8, camouflage 1, gelatinous
body 1
a: no special abilities


You were on level 4 of the Dungeon.
You were not hungry.

You visited 1 branch of the dungeon, and saw 4 of its levels.

You collected 101 gold pieces.

Inventory:

Hand Weapons
 a - a +3 spear (weapon)
 b - a +0 hand axe
 d - a +0 dagger
 n - a +0 blowgun
Missiles
 j - 36 stones (quivered)
Wands
 f - a wand of enslavement (11)
Scrolls
 g - a scroll of immolation {unknown}
 h - a scroll of teleportation {unknown}
 i - 3 scrolls of identify {unknown}
 k - a scroll of blinking {unknown}
 m - a scroll of fog {unknown}
Potions
 c - 2 potions of lignification
Comestibles
 e - 2 bread rations
 l - 3 chunks of flesh


   Skills:
 - Level 3.0 Fighting
   Level 2.0 Maces & Flails
 - Level 2.0 Polearms
 + Level 7.8 Stealth
 - Level 1.1 Evocations


You had 4 spell levels left.
You didn't know any spells.

Dungeon Overview and Level Annotations

Branches:
Dungeon (4/15)
 Temple: D:4-7

Altars:
Zin


Innate Abilities, Weirdness & Mutations

You cannot wear most types of armour.
You are amphibious.
You can wear up to eight rings at the same time.
You can use your tentacles to constrict eight enemies at once.
Your skin changes colour to match your surroundings (Stealth).
Your rubbery body absorbs attacks (AC +1).


Message History

You squeeze the killer bee.
The killer bee is heavily wounded.
The killer bee stings you.
You are poisoned.
The killer bee poisons you! The killer bee barely misses you.
You barely miss the killer bee. Your grab misses the killer bee.
The killer bee is heavily wounded.
You feel sick. The killer bee closely misses you.
The killer bee closely misses you.
You hit the killer bee. Your grab misses the killer bee.
The killer bee is almost dead.
The killer bee stings you!
You are more poisoned.
The killer bee poisons you! The killer bee closely misses you.
You miss the killer bee. Your grab misses the killer bee.
The killer bee is almost dead.
You feel sick. The killer bee stings you!
* * * LOW HITPOINT WARNING * * *
The killer bee stings you!
You die...

# # #### #..## #
##...### ## #..@...##
.## ##..y....# ..##
#........... #..###
#.....s..... #....###
#...........
##.....######...........
#..##..................
#..##..................
##..#...####..........


You could see a scorpion and a killer bee.

Vanquished Creatures
  An orc priest (D:4)
  Jessica (D:2)
  Terence (D:2)
  An orc wizard (D:3)
  2 adders (D:2)
  2 worms (D:2)
  A giant gecko (D:3)
  6 orcs
  4 giant cockroaches
  A hobgoblin (D:3)
  4 kobolds
  A ball python (D:4)
  2 bats
  2 giant newts (D:1)
  2 goblins
  3 rats (D:1)
34 creatures vanquished.

Notes
Turn   | Place    | Note
--------------------------------------------------------------
     0 | D:1      | M4edhros the Octopode Wanderer began the quest for the Orb.
     0 | D:1      | M4edhros set off with: a +2 spear, a +0 hand axe, a potion of lignification, a +0 dagger, a bread ration
     0 | D:1      | Reached XP level 1. HP: 16/16 MP: 1/1
   469 | D:1      | Reached XP level 2. HP: 21/21 MP: 2/2
   492 | D:2      | Noticed Jessica
   497 | D:2      | Killed Jessica
   497 | D:2      | Reached skill level 5 in Stealth
   497 | D:2      | Reached XP level 3. HP: 26/26 MP: 3/3
   701 | D:2      | Noticed Terence
   705 | D:2      | Reached skill level 6 in Stealth
   705 | D:2      | Reached XP level 4. HP: 14/31 MP: 4/4
   718 | D:2      | Killed Terence
   883 | D:3      | Reached skill level 7 in Stealth
   883 | D:3      | Reached XP level 5. HP: 27/36 MP: 5/5
   985 | D:3      | Noticed an angel
   986 | D:3      | Found a glowing silver altar of Zin.
  1346 | D:4      | Slain by a killer bee

Action                   |  1- 3 |  4- 6 || total
-------------------------+-------+-------++-------
Melee: Spear             |    39 |    42 ||    81
  Use: Scroll            |     1 |       ||     1
       Potion            |       |     4 ||     4
 Stab: Sleeping          |    10 |     6 ||    16
  Eat: Chunk             |       |     1 ||     1
